 Dungeon Crawl Stone Soup version 0.22-a0-779-g6f83d72c62 (webtiles) character file.

118 RedPan the Cudgeler (level 5, -5/27 HPs)
             Began as a Vine Stalker Chaos Knight on July 19, 2018.
             Slain by an orc priest
             ... wielding a +0 war axe
              (8 damage)
             ... on level 3 of the Dungeon.
             The game lasted 00:02:33 (1812 turns).

RedPan the Cudgeler (Vine Stalker Chaos Knight)     Turns: 1812, Time: 00:02:33

Health: -5/27      AC:  6    Str: 15    XL:     5   Next: 2%
Magic:  0/6        EV: 11    Int: 12    God:    Xom [.*....]
Gold:   101        SH:  0    Dex: 14    Spells: 4/4 levels left

rFire    . . .     SeeInvis .   a - +1 mace (chaos)
rCold    . . .     Gourm    .   (no shield)
rNeg     . . .     Faith    .   b - +2 leather armour
rPois    .         Spirit   +   i - +0 helmet
rElec    .         Reflect  .   (no cloak)
rCorr    .         Harm     .   (no gloves)
MR       .....                  (no boots)
Stlth    +.........             (no amulet)
HPRegen  0.49/turn              (no ring)
MPRegen  0.10/turn              (no ring)

@: no status effects
A: fangs 2, regeneration 1, magic shield, antimagic bite, no potion heal 3, rot
immunity
a: Renounce Religion


You were on level 3 of the Dungeon.
You worshipped Xom.
You were a plaything of Xom.
You were not hungry.

You visited 1 branch of the dungeon, and saw 3 of its levels.

You collected 101 gold pieces.

Inventory:

Hand Weapons
 a - a +1 mace of chaos (weapon)
Armour
 b - a +2 leather armour (worn)
 i - a +0 helmet (worn)
Scrolls
 e - 2 scrolls of remove curse
 f - a scroll of immolation {unknown}
 j - a scroll of enchant armour {unknown}
Potions
 d - 2 potions of brilliance {unknown}
 g - 2 potions of degeneration {unknown}
 h - 2 potions of curing {unknown}
 k - a potion of ambrosia {unknown}
 l - a potion of agility {unknown}
Comestibles
 c - 3 rations
 m - a chunk of flesh


   Skills:
 - Level 2.6 Fighting
 + Level 5.0 Maces & Flails
 - Level 1.5 Armour
 - Level 0.7 Dodging


You had 4 spell levels left.
You didn't know any spells.
Your spell library was empty.

Dungeon Overview and Level Annotations

Branches:
Dungeon (3/15)

Altars:
Qazlal


Innate Abilities, Weirdness & Mutations

You have extremely sharp teeth.
Your natural rate of healing is unusually fast.
When hurt, damage is shared between your health and your magic reserves.
Your bite disrupts and absorbs the magic of your enemies.
Potions cannot restore your health.
You are immune to rotting.


Message History

An orc priest comes into view. It is wielding a club.
The orc priest invokes the aid of Beogh against you.
Pain shoots through your body! The orc misses you.
The giant cockroach bites you but does no damage.
The orc priest moves out of view.
An orc wizard comes into view. It is wielding a dagger.
The orc priest shouts!
The orc wizard shouts!
You hear a shout!
The orc wizard gestures wildly while chanting.
The orc wizard flickers and vanishes!
Deactivating autopickup; reactivate with Ctrl-A.
The orc priest calls down the wrath of Beogh upon you.
Beogh smites you!
* * * LOW HITPOINT WARNING * * *
The giant cockroach bites you but does no damage.
There is a stone staircase leading up here.
Unknown command.
The orc priest hits you with a war axe!
You die...
Xom bursts into laughter!

..# #.. #.. #..
#. ##.. .....o.
#..#.####
#..†..o########
###..os@.......
####..#######
##...# ###.#
... #.# .# .


You could see 2 orc priests, an orc and a giant cockroach.

Vanquished Creatures
  Jessica (D:2)
  5 adders (D:2)
  An ooze (D:1)
  A worm (D:2)
  A leopard gecko (D:2)
  A ball python (D:3)
  3 giant cockroaches (D:1)
  A hobgoblin (D:2)
  9 kobolds
  2 quokkas (D:2)
  6 bats
  6 frilled lizards
  2 goblins (D:1)
  10 rats
49 creatures vanquished.

Notes
Turn   | Place    | Note
-------+----------+-------------------------------------------
     0 | D:1      | RedPan the Vine Stalker Chaos Knight began the quest for the Orb.
     0 | D:1      | Reached XP level 1. HP: 11/11 MP: 2/2
    92 | D:1      | Reached skill level 3 in Maces & Flails
   117 | D:1      | XOM: silly message
   177 | D:1      | XOM: silly message
   199 | D:1      | XOM: harmless Ice miscast
   200 | D:1      | Reached XP level 2. HP: 16/16 MP: 3/3
   331 | D:1      | XOM: smoke on damage
   464 | D:1      | XOM: harmless Chrm miscast
   764 | D:1      | XOM: harmless Hex miscast
   851 | D:2      | XOM: smoke on damage
   852 | D:2      | Reached XP level 3. HP: 16/19 MP: 4/4
   932 | D:2      | Reached skill level 4 in Maces & Flails
   962 | D:2      | XOM: harmless Tmut miscast
  1036 | D:2      | XOM: harmless Conj miscast
  1193 | D:2      | Found a stormy altar of Qazlal.
  1193 | D:2      | Noticed an air elemental
  1197 | D:2      | Noticed a fire elemental
  1197 | D:2      | Noticed an earth elemental
  1197 | D:2      | Noticed a water elemental
  1224 | D:2      | Gained mutation: Your natural rate of healing is unusually fast. [Vine Stalker growth]
  1224 | D:2      | Reached XP level 4. HP: 23/23 MP: 5/5
  1384 | D:2      | Noticed Jessica
  1389 | D:2      | Killed Jessica
  1620 | D:2      | Reached skill level 5 in Maces & Flails
  1620 | D:2      | Reached XP level 5. HP: 20/27 MP: 4/6
  1812 | D:3      | Slain by an orc priest

Vault maps used:
D:1:      elethiomel_arrival_maze, serial_bayou, serial_bayou_pond_a,
          serial_bayou_shore_b, serial_bayou_crossing, serial_bayou_pond_b,
          serial_bayou_lagoon_a, serial_bayou_pond_d, minmay_misc_feat_pillars,
          minmay_misc_feat_diagonals
D:2:      kennysheep_small_spiral, nicolae_qazlal_style_of_elements,
          uniq_jessica

Skill      XL: |  1  2  3  4 |
---------------+-------------+-----
Maces & Flails | 3 4 5 |  5.0
Fighting       | |  2.6
Armour         | |  1.5
Dodging        | |  0.7

Action                   |  1- 3 |  4- 6 || total
-------------------------+-------+-------++-------
Melee: Mace              |    75 |    36 ||   111
       Bite              |    12 |     8 ||    20
  Use: Scroll            |     5 |       ||     5
 Stab: Paralysed         |     1 |       ||     1
  Eat: Chunk             |     1 |     2 ||     3
Armor: Leather armour    |    35 |    12 ||    47
Dodge: Dodged            |    52 |    21 ||    73

Table legend:
 A = Spawn XP
 B = Non-spawn XP
 C = Spawn XP percentage of total XP
 D = Spawn monster count
 E = Non-spawn monster count
 F = Spawn count percentage of total count
 G = Total turns spent on level
                    A         B        C        D         E        F      G
               +---------+---------+-------+---------+---------+-------+---------
         Total |       0 |     169 |   0.0 |       0 |      49 |   0.0 |  1812
               +---------+---------+-------+---------+---------+-------+---------
           D:1 |       0 |      32 |   0.0 |       0 |      19 |   0.0 |   831
           D:2 |       0 |     134 |   0.0 |       0 |      28 |   0.0 |   968
           D:3 |       0 |       3 |   0.0 |       0 |       2 |   0.0 |    13
               +---------+---------+-------+---------+---------+-------+---------
